 Dungeon Crawl Stone Soup version 0.23-a0-407-g92528d7c89 (webtiles) character file.

139 Nixze the Chiller (level 5, -2/35 HPs)
             Began as a Barachi Ice Elementalist on Nov 7, 2018.
             Killed by nerve-wracking pain
             ... invoked by Grinder
              (7 damage)
             ... while paralysed by Grinder
             ... on level 3 of the Dungeon.
             The game lasted 00:05:37 (2536 turns).

Nixze the Chiller (Barachi Ice Elementalist)        Turns: 2536, Time: 00:05:38

Health: -2/35      AC:  8    Str: 13    XL:     5   Next: 22%
Magic:  1/9        EV:  2    Int: 16    God:
Gold:   84         SH:  0    Dex: 12    Spells: 4/10 levels left

rFire    . . .     SeeInvis .   b - +0 short sword
rCold    . . .     Gourm    .   (no shield)
rNeg     . . .     Faith    +   a - +0 robe
rPois    .         Spirit   .   (no helmet)
rElec    .         Reflect  .   (no cloak)
rCorr    .         Harm     .   m - +0 pair of gloves
MR       .....                  (no boots)
Stlth    ++........             g - amulet of faith
HPRegen  0.11/turn              k - +3 ring of strength
MPRegen  0.11/turn              (no ring)

@: paralysed, icy armour, slow
A: +LOS, swims, slowness 1, strong legs 1
a: Hop


You were on level 3 of the Dungeon.
You were very hungry.

You visited 1 branch of the dungeon, and saw 3 of its levels.

You collected 84 gold pieces.

Inventory:

Hand Weapons
 b - a +0 short sword (weapon)
Armour
 a - a +0 robe (worn)
 m - a +0 pair of gloves (worn)
Jewellery
 g - an amulet of faith (around neck)
 k - a +3 ring of strength (left hand)
Scrolls
 d - 2 scrolls of teleportation {unknown}
 f - a scroll of enchant armour {unknown}
 i - a scroll of amnesia {unknown}
 j - a scroll of identify {unknown}
 l - a scroll of enchant weapon {unknown}
Potions
 e - a potion of brilliance {unknown}
 h - 2 potions of curing {unknown}
Comestibles
 c - 7 rations


   Skills:
 + Level 3.2 Dodging
 - Level 1.7 Stealth
 + Level 3.0 Spellcasting
 * Level 2.4 Conjurations
 * Level 5.2 Ice Magic


You had 4 spell levels left.
You knew the following spells:

 Your Spells              Type           Power        Failure   Level  Hunger
a - Freeze                Ice            ###.         2%          1    #......
b - Throw Frost           Conj/Ice       ##....       6%          2    ##.....
c - Ozocubu's Armour      Chrm/Ice       ##......     19%         3    ###....

Your spell library contained the following spells:

 Spells                   Type           Power        Failure   Level  Hunger
 Throw Icicle             Conj/Ice       ##......     36%         4    #####..
 Summon Ice Beast         Ice/Summ       ##......     54%         4    #####..


Dungeon Overview and Level Annotations

Branches:
Dungeon (3/15)

Altars:

Annotations:
D:3 Grinder


Innate Abilities, Weirdness & Mutations

Shadows flee at your approach. (+LOS)
You can swim through water.
You cover ground slowly.
You can hop short distances.


Message History

The kobold hits the plant but does no damage.
Grinder gestures at you. You resist with significant effort.
You barely miss Grinder.
Grinder is lightly wounded.
Grinder grins, showing sharp teeth.
Grinder splashes around in the water.
The kobold hits the plant but does no damage.
You hit Grinder.
Grinder is moderately wounded.
The kobold hits the plant but does no damage.
Grinder gestures at you.
You suddenly lose the ability to move!
Grinder hits you.
You writhe in agony.
* * * LOW HITPOINT WARNING * * *
The kobold hits the plant but does no damage.
The kobold hits the plant but does no damage.
Grinder gestures at you. Pain shoots through your body!
You die...

#≈P≈♣♣♣♣P.#....≈≈≈≈P♣P.#.##.
#≈≈≈≈≈≈P≈#....♣≈P♣≈≈♣♣#....
#PP≈≈≈PP≈#...P≈P≈≈≈≈P♣####.
.P.P≈PPP....♣♣P≈≈≈≈♣≈♣≈....
##P≈P..#.#.#≈♣≈≈P≈≈≈P≈P♣###
#.......#.≈♣≈≈≈≈≈≈P♣≈♣P#
#########.♣≈≈≈≈≈≈≈≈≈≈♣≈##
#.≈♣≈≈P≈≈≈≈≈P♣♣.#
#@≈≈≈≈≈≈≈≈≈≈≈≈≈≈#
#♣5P≈≈≈≈≈≈≈≈≈≈≈♣##
#≈K≈≈≈≈≈≈≈≈≈≈≈≈≈..
..≈♣P≈≈≈≈≈≈≈≈≈≈♣≈.# ..#.≈
≈≈≈≈≈≈≈≈≈≈♣≈≈.. ... ..≈
≈≈≈≈≈≈≈≈≈≈≈≈≈.. ... .#.≈
P≈≈≈≈≈≈≈≈≈≈≈♣.. .. K...♣
≈P≈≈≈≈≈≈≈♣≈♣♣.# . ..###
≈P≈≈≈≈≈≈≈P≈ ♣..


You could see Grinder and a kobold.

Vanquished Creatures
  Natasha (D:2)
  6 adders
  A worm (D:3)
  2 dart slugs (D:1)
  A leopard gecko (D:2)
  An orc (D:3)
  A ball python (D:3)
  4 giant cockroaches
  7 goblins
  3 hobgoblins (D:1)
  6 jackals (D:1)
  8 kobolds
  A quokka (D:2)
  3 bats
  2 frilled lizards (D:1)
  3 rats
50 creatures vanquished.

Notes
Turn   | Place    | Note
-------+----------+-------------------------------------------
     0 | D:1      | Nixze the Barachi Ice Elementalist began the quest for the
                  | Orb.
     0 | D:1      | Reached XP level 1. HP: 13/13 MP: 3/3
   105 | D:1      | Reached XP level 2. HP: 16/19 MP: 1/5
   115 | D:1      | Reached skill level 4 in Ice Magic
   654 | D:1      | Reached XP level 3. HP: 24/24 MP: 4/6
  1180 | D:1      | Learned a level 2 spell: Throw Frost
  1253 | D:2      | Noticed Natasha
  1261 | D:2      | Killed Natasha
  1261 | D:2      | Reached XP level 4. HP: 21/30 MP: 4/8
  1722 | D:2      | Reached skill level 5 in Ice Magic
  2125 | D:3      | Reached XP level 5. HP: 26/35 MP: 3/9
  2195 | D:3      | Learned a level 3 spell: Ozocubu's Armour
  2523 | D:3      | Noticed Grinder
  2534 | D:3      | Paralysed by Grinder for 4 turns
  2536 | D:3      | Killed from afar by Grinder

Vault maps used:
D:1:      psy_arrival_statuary
D:2:      uniq_natasha
D:3:      serial_bayou, serial_bayou_lake_a, serial_bayou_shore_a,
          serial_bayou_lagoon_a, serial_bayou_crossing, minivault_4,
          minmay_checkerbox, uniq_grinder, uniq_ijyb

Skill      XL: |  1  2  3  4  5 |
---------------+----------------+-----
Ice Magic      | 4 5 |  5.2
Dodging        | 3 |  3.2
Conjurations   | 2 |  2.4
Spellcasting   | 3 |  3.0
Stealth        | |  1.7

Action                   |  1- 3 |  4- 6 || total
-------------------------+-------+-------++-------
Melee: Short sword       |    12 |     4 ||    16
 Cast: Freeze            |    51 |    45 ||    96
       Ozocubu's Armour  |       |     1 ||     1
  Eat: Chunk             |     2 |     3 ||     5
Armor: Robe              |    10 |     1 ||    11
Dodge: Dodged            |    27 |    25 ||    52

Table legend:
 A = Non-vault XP
 B = Vault XP
 C = Vault XP percentage of total XP
 D = Non-vault monster count
 E = Vault monster count
 F = Vault count percentage of total count
                 A         B        C        D         E       F
            +---------+---------+-------+---------+---------+-------
      Total |     145 |      54 |  27.1 |      45 |       5 |  10.0
            +---------+---------+-------+---------+---------+-------
        D:1 |      61 |       0 |   0.0 |      27 |       0 |   0.0
        D:2 |      65 |      35 |  35.0 |      16 |       1 |   5.9
        D:3 |      19 |      19 |  50.0 |       2 |       4 |  66.7
            +---------+---------+-------+---------+---------+-------
